 Dungeon Crawl Stone Soup version 0.30-a0-371-gad7725a93e (webtiles) character file.

Game seed: 10615867387468367477

337 jfcaron the Trooper (level 6, 0/94 HPs)
             Began as an Ogre Reaver on Nov 20, 2022.
             Was a Priest of Kikubaaqudgha.
             Slain by a mummy (15 damage)
             ... in an ossuary on Nov 21, 2022.
             The game lasted 00:17:40 (3785 turns).

jfcaron the Trooper (Ogre Reaver)                   Turns: 3785, Time: 00:17:41

Health: 0/94       AC:  3    Str: 17    XL:     6   Next: 54%
Magic:  11/11      EV: 10    Int: 16    God:    Kikubaaqudgha [***...]
Gold:   118        SH:  0    Dex:  7    Spells: 10/12 levels left

rFire   . . .      SeeInvis .      - Unarmed
rCold   . . .      Faith    .    (no shield)
rNeg    . . .      Spirit   .    a - +0 robe
rPois   .          Reflect  .    (helmet restricted)
rElec   .          Harm     .    (no cloak)
rCorr   .          Rampage  .    (gloves unavailable)
Will    .....                    (boots unavailable)
Stlth   ..........               (no amulet)
HPRegen 0.35/turn                (no ring)
MPRegen 0.12/turn                (no ring)

@: berserking, very quick
A: large, unfitting armour, tough skin 1
a: Renounce Religion, Unearth Wretches


You were in an ossuary.
You worshipped Kikubaaqudgha.
Kikubaaqudgha was most pleased with you.
You visited 1 branch of the dungeon, and saw 4 of its levels.
You also visited: Ossuary.

You collected 118 gold pieces.

Inventory:

Hand Weapons
 l - a +0 dagger of draining
 n - a +0 dagger of speed
 o - a +1 dagger of protection
 p - a +1 dagger of electrocution
 r - a +1 dagger of venom
Missiles
 e - 21 stones
 t - 2 boomerangs
Armour
 a - a +0 robe (worn)
Wands
 m - a wand of digging (6)
Scrolls
 i - a scroll of vulnerability
Potions
 d - 3 potions of mutation
 h - 2 potions of brilliance
 k - 2 potions of flight
 q - a potion of heal wounds {unknown}


   Skills:
 + Level 4.3 Fighting
 + Level 2.8 Dodging
 + Level 3.6 Unarmed Combat
 + Level 3.5 Spellcasting
 - Level 3.0 Conjurations
 * Level 3.0 Necromancy


You had 10 spell levels left.
You knew the following spells:

 Your Spells              Type           Power      Damage    Failure   Level
a - Kiss of Death         Conj/Necr      48%        2d9       4%          1
b - Necrotise             Necr           48%        1d6       4%          1

Your spell library contained the following spells:

 Spells                   Type           Power      Damage    Failure   Level
 Sublimation of Blood     Necr           12%        N/A       8%          2
 Momentum Strike          Conj/Tloc      14%        3d8       14%         2
 Cigotuvi's Dreadful Rot  Necr/Pois/Air  12%        N/A       19%         2
 Hailstorm                Conj/Ice       7%         3d4       28%         3
 Animate Dead             Necr           12%        N/A       45%         4
 Dispel Undead            Necr           12%        3d9       45%         4
 Ignite Poison            Fire/Tmut/Pois 2%         N/A       47%         3
 Inner Flame              Hex/Fire       2%         N/A       47%         3
 Kindle Blastsparks       Fire/Tloc/Air  4%         2d10      47%         3
 Agony                    Necr           12%        N/A       80%         5
 Cause Fear               Hex            1%         N/A       87%         4
 Borgnjor's Vile Clutch   Necr/Erth      3%         N/A       95%         5
 Freezing Cloud           Conj/Ice/Air   3%         6-21      97%         5
 Death Channel            Necr           6%         N/A       100%        6
 Simulacrum               Ice/Necr       3%         N/A       100%        6
 Discord                  Hex            1%         N/A       100%        8


Dungeon Overview and Level Annotations

Branches:
Dungeon (4/15)             Temple (0/1) D:4         Ossuary (1/1)

Altars:
Cheibriados
Dithmenos
Kikubaaqudgha
Nemelex Xobeh
Wu Jian

Shops:
D:4 *

Annotations:
D:2 come back with digging


Innate Abilities, Weirdness & Mutations

You are too large for most types of armour.
You have tough skin. (AC +1)


Message History

The orc zombie is moderately damaged.
The orc zombie misses you.
You hit the orc zombie. Your punch misses the orc zombie.
The orc zombie is severely damaged.
The orc zombie hits you but does no damage.
You hit the orc zombie.
You destroy the orc zombie!
Kikubaaqudgha accepts your kill. The mummy barely misses you.
You hit the mummy but do no damage. You hit the mummy.
The mummy is moderately damaged.
The mummy hits you!
Aiming: Fastroot
Press: ? - help, Shift-Dir - straight line, f - mummy
Aim: a mummy The roots erupt in riotous growth!
Roots grab the mummy. x3
The now-empty wand crumbles to dust.
The grasping roots constrict the mummy. x3
The mummy escapes!
The mummy closely misses you.
Unknown command.
You hit the mummy.
The mummy is heavily damaged.
The grasping roots constrict the mummy. x2
The roots release their grip on the mummy. x2
You barely miss the mummy.
The mummy is heavily damaged.
The mummy hits you!
You punch the mummy!
The mummy is almost destroyed.
You hit the mummy.
The mummy is almost destroyed.
The mummy hits you! x2
* * * LOW HITPOINT WARNING * * *
You are too injured to fight recklessly!
It was a potion of berserk rage.
A red film seems to cover your vision as you go berserk!
You feel yourself moving faster!
You feel mighty! The mummy hits you!
You die...
Kikubaaqudgha rasps: "You have failed me!
Welcome... death!"

......
#....#
#....#
#....#
#....#
#....#
#MM..#
#@M..#
#....#
#.∩∩.#
######


You could see 3 mummies.

Vanquished Creatures
  A scorpion (D:4)
  A hound (D:3)
  Jessica (D:3)
  Natasha (D:3)
  3 mummies (Ossuary)
  Robin (D:3)
  3 adders
  2 worms (D:3)
  3 dart slugs
  2 orcs
  7 ball pythons
  10 endoplasms
  4 giant cockroaches
  3 gnoll zombies (Ossuary)
  9 hobgoblins
  8 jackals
  A quokka (D:1)
  5 bats
  4 frilled lizards
  20 goblins
  A hobgoblin zombie (Ossuary)
  5 kobolds
  2 kobold zombies (Ossuary)
  2 orc zombies (Ossuary)
  8 rats
107 creatures vanquished.

Notes
Turn   | Place    | Note
-------+----------+-------------------------------------------
     0 | D:1      | jfcaron the Ogre Reaver began the quest for the Orb.
     0 | D:1      | Reached XP level 1. HP: 22/22 MP: 3/3
   172 | D:1      | Found a faded altar of an unknown god.
   186 | D:1      | Prayed at the altar of an unknown god.
   186 | D:1      | Became a worshipper of Kikubaaqudgha
   186 | D:1      | Reached * piety under Kikubaaqudgha
   186 | D:1      | Received a gift from Kikubaaqudgha
   189 | D:1      | Learned a level 1 spell: Necrotise
   210 | D:1      | Reached XP level 2. HP: 24/29 MP: 5/5
   395 | D:1      | Reached skill level 1 in Necromancy
   595 | D:1      | Reached skill level 3 in Fighting
   875 | D:2      | Reached XP level 3. HP: 27/33 MP: 6/6
  1260 | D:2      | Found a shadowy altar of Dithmenos.
  1300 | D:2      | Reached ** piety under Kikubaaqudgha
  1642 | D:3      | Noticed Jessica
  1653 | D:3      | Killed Jessica
  1654 | D:3      | Reached XP level 4. HP: 21/45 MP: 5/8
  1788 | D:3      | Found a snail-covered altar of Cheibriados.
  2088 | D:3      | Noticed Natasha
  2090 | D:3      | Killed Natasha
  2091 | D:3      | Reached XP level 5. HP: 45/53 MP: 9/9
  2184 | D:3      | Found a sparkling altar of Nemelex Xobeh.
  2405 | D:3      | Noticed Robin
  2425 | D:3      | HP: 9/47 [goblin/+0 dagger of draining[Robin] (5)]
  2431 | D:3      | Killed Robin
  3096 | D:3      | HP: 9/51 [poisoned by an adder]
  3100 | D:3      | Reached skill level 4 in Fighting
  3102 | D:3      | Reached *** piety under Kikubaaqudgha
  3102 | D:3      | Received a gift from Kikubaaqudgha
  3102 | D:3      | HP: 10/52 [poisoned by an adder]
  3400 | D:4      | Found an ornate altar of the Wu Jian Council.
  3519 | D:4      | HP: 10/53 [poisoned by a scorpion]
  3520 | D:4      | Reached XP level 6. HP: 11/62 MP: 1/11
  3558 | D:4      | Found a staircase to the Ecumenical Temple.
  3590 | D:4      | Found Valoh's Assorted Antiques.
  3675 | D:4      | Found a sand-covered staircase.
  3691 | Ossuary  | Entered an ossuary
  3784 | Ossuary  | HP: 9/63 [mummy (16)]
  3785 | Ossuary  | Slain by a mummy

Illustrated notes

Levels and vault maps discovered:
D:1:      dpeg_arrival_tiny_a, layout_basic, shapermc_ecumenical_altar_pompeii,
          minmay_close_crescents
D:2:      layout_rooms, basic_altar, due_unseen_surprise
D:3:      layout_loops_cross, kennysheep_slug_shrine,
          mainiacjoe_overflow_alcove_4, chequers_serial_rivers_room_a,
          minmay_randomly_rotated_circles, uniq_natasha, uniq_jessica,
          uniq_robin
D:4:      layout_loops_ring, zin_statuary, pdpol_wu_jian_five_deadly_venoms,
          temple_green, serial_shops, kennysheep_little_box,
          lightli_ossuary_entry_decrepit_ruins
Ossuary:  ossuary_tomb_3

Skill      XL: |  1  2  3  4  5  6 |
---------------+-------------------+-----
Necromancy     | 1 2 3 |  3.0
Fighting       | 3 4 |  4.3
Dodging        | 2 |  2.8
Unarmed Combat | 3 |  3.6
Conjurations   | 3 |  3.0
Spellcasting   | 3 |  3.5

Action                   |  1- 3 |  4- 6 || total
-------------------------+-------+-------++-------
Melee: Unarmed           |   164 |   211 ||   375
       Punch             |     4 |     2 ||     6
Throw: Boomerang         |       |     1 ||     1
 Cast: Kiss of Death     |     1 |       ||     1
       Necrotise         |    21 |    53 ||    74
Evoke: Wand              |       |     7 ||     7
  Use: Scroll            |     5 |     5 ||    10
       Potion            |       |     3 ||     3
Armor: Robe              |    72 |    70 ||   142
Dodge: Dodged            |   110 |   114 ||   224

Table legend: (Time is in decaauts)
 A = Elapsed time spent in this place.
 B = Non-inter-level travel time spent in this place.
 C = Inter-level travel time spent in this place.
 D = Time resting spent in this place.
 E = Time spent auto-exploring this place.
 F = Levels seen in this place.
 G = Mean time per level.
                   A        B        C        D        E       F      G
               +--------+--------+--------+--------+--------+-----+--------+
         Total |   3764 |   3679 |     85 |    924 |   1751 |   5 |  752.8 |
       Dungeon |   3673 |   3588 |     85 |    894 |   1751 |   4 |  918.2 |
       Ossuary |     91 |     91 |      0 |     30 |      0 |   1 |   91.0 |
               +--------+--------+--------+--------+--------+-----+--------+

Top non-repeatable levels by time:
     D:3: 1858 daAuts
     D:1: 862 daAuts
     D:2: 647 daAuts
     D:4: 306 daAuts
 Ossuary: 91 daAuts
